 Dungeon Crawl Stone Soup version 0.30.1-9-gdf580d7c3d (webtiles) character file.

Game seed: 18177093031874877698

20018 leafyfresh the Nimble (level 13, -19/76 HPs)
             Began as a Djinni Ice Elementalist on Oct 13, 2023.
             Was a Priest of Ashenzari.
             Killed from afar by an ironbound frostheart (66 damage)
             ... by creeping frost
             ... in an ice cave.
             The game lasted 00:47:46 (15425 turns).

leafyfresh the Nimble (Djinni Ice Elementalist)    Turns: 15425, Time: 00:47:47

Health: -19/76     AC: 16    Str: 13    XL:     13   Next: 9%
Gold:   4330       EV: 23    Int: 30    God:    Ashenzari [***...] SH: 19 Dex: 12

rFire   + + .        O - staff of air "Vuliex" {rElec Will- MP+9 Str+7}
rCold   x . .        F - +3 buckler "Bound With Me" {reflect, Fort, Self} (curse)
rNeg    . . .        k - +5 robe of Misfortune {Harm *Corrode *Slow EV+5, Self, Fort} (curse)
rPois   ∞            B - +3 hat of Pondering {ponderous, Will+ MP+10 Int+5, Self, Cun} (curse)
rElec   +            A - +0 cloak
rCorr   .            b - +0 pair of gloves
SInv    +            (boots unavailable)
Will    ++...        r - amulet of Ashenzari's Loss {Reflect SH+5, Self, Melee} (curse)
Stlth   ++           x - ring of willpower
HPRegen 0.32/turn    I - ring of the Enlightened Dismay {AC+4, Cun, Self} (curse)
MPRegen 0.00/turn

%: corrode self (3%), slow self (1%), harm (+30% outgoing, +20% incoming),
reflection, clarity, infuse magic (-20 HP)
@: frozen, flying, very slow
A: sickness immunity, fire resistance 2, cold vulnerability 1, float, innate
caster, HP casting, extra vitality 1, antennae 1, large bone plates 1, clever 1,
clumsy 1
a: Renounce Religion, Shatter the Chains


You were in an ice cave.
You worshipped Ashenzari.
Ashenzari was most pleased with you.
You visited 2 branches of the dungeon, and saw 12 of its levels.
You also visited: Bailey and Ice Cave.

You collected 4600 gold pieces.
You spent 270 gold pieces at shops.

Inventory:

Hand Weapons
 n - a +1 dagger of pain
 y - a +2 flail of protection
 z - the +1 quarterstaff of Mumo {freeze, rC+ Str+5}
   (You found it on level 4 of the Dungeon)

   Str:       It affects your strength (+5).
   rC:        It protects you from cold.
Armour
 b - a +0 pair of gloves (worn)
 k - the cursed +5 robe of Misfortune (worn) {Harm *Corrode *Slow EV+5, Self, Fort}
   (You found it on level 5 of the Dungeon)

   EV:        It affects your evasion (+5).
   *Corrode:  It may corrode you when you take damage.
   *Slow:     It may slow you when you take damage.
   Harm:      It increases damage dealt and taken.
   It has a curse which improves the following skills: Introspection: Fighting
   and Spellcasting.
   Fortitude: Armour and Shields.
 t - a +0 robe of positive energy
 v - a +0 helmet
 A - a +0 cloak (worn)
 B - the cursed +3 hat of Pondering (worn) {ponderous, Will+ MP+10 Int+5, Self, Cun}
   (You took it off Gastronok on level 9 of the Dungeon)

   Int:       It affects your intelligence (+5).
   MP:        It affects your magic capacity (+10).
   Will:      It increases your willpower.
   It has a curse which improves the following skills: Introspection: Fighting
   and Spellcasting.
   Cunning:   Dodging and Stealth.
 F - the cursed +3 buckler "Bound With Me" (worn) {reflect, Fort, Self}
   (You bought it in a shop on level 5 of the Dungeon)

   It has a curse which improves the following skills: Fortitude: Armour and
   Shields.
   Introspection: Fighting and Spellcasting.
 P - a +2 buckler of cold resistance
Magical Staves
 O - the staff of air "Vuliex" (weapon) {rElec Will- MP+9 Str+7}
   (You found it in a bailey)

   [staff of air]

   Your inability to study Air Magic prevents you from drawing on the full power
   of this staff in melee.
   Base accuracy: +5 Base damage: 5 Base attack delay: 1.2 This weapon's minimum
   attack delay (0.6) is reached at skill level 12.
   Str:       It affects your strength (+7).
   rElec:     It insulates you from electricity.
   MP:        It affects your magic capacity (+9).
   Will:      It decreases your willpower.
   It falls into the 'Staves' category.
   It is a one-handed weapon.
Jewellery
 r - the cursed amulet of Ashenzari's Loss (around neck) {Reflect SH+5, Self, Melee}
   (You found it on level 3 of the Dungeon)

   [amulet of reflection]

   It reflects blocked missile attacks.
   SH:        It affects your SH (+5).
   It has a curse which improves the following skills: Introspection: Fighting
   and Spellcasting.
   Melee Combat: Short Blades, Long Blades, Axes, Maces & Flails, Polearms,
   Staves and Unarmed Combat.
 x - a ring of willpower (left hand)
 H - an amulet of the acrobat
 I - the cursed ring of the Enlightened Dismay (right hand) {AC+4, Cun, Self}
   (You found it in a bailey)

   [ring of protection]

   AC:        It affects your AC (+4).
   It has a curse which improves the following skills: Cunning: Dodging and
   Stealth.
   Introspection: Fighting and Spellcasting.
 L - a ring of resist corrosion
Wands
 D - a wand of iceblast (12)
 J - a wand of digging (3)
 K - a wand of mindburst (13)
 M - a wand of flame (24)
 N - a wand of paralysis (7)
Scrolls
 a - 7 scrolls of identify
 c - 9 scrolls of teleportation
 d - 2 scrolls of amnesia
 e - 2 scrolls of immolation
 f - 2 scrolls of fear
 g - 2 scrolls of silence
 i - 3 scrolls of poison
 j - 2 scrolls of magic mapping
 o - 3 scrolls of enchant weapon
Potions
 h - 5 potions of brilliance
 l - 2 potions of curing
 m - a potion of berserk rage
 p - a potion of might
 q - 2 potions of heal wounds
 s - 4 potions of ambrosia
 u - 2 potions of magic
 w - a potion of resistance
 C - 2 potions of mutation
 E - 3 potions of haste
 G - 3 potions of attraction


   Skills:
 + Level 13.6(15.7) Dodging
 - Level 1.5(3.1) Stealth
 + Level 12.3(14.5) Shields
 - Level 9.5(13.7) Spellcasting


You knew the following spells:

 Your Spells              Type           Power      Damage    Failure   Level
a - Freeze                Ice            100%       1d10      0%          1
b - Frozen Ramparts       Ice            100%       1d16      1%          3
c - Ozocubu's Armour      Ice            80%        N/A       1%          3
d - Summon Ice Beast      Ice/Summ       80%        N/A       1%          4
e - Apportation           Tloc           100%       N/A       0%          1
f - Blink                 Tloc           100%       N/A       0%          2
g - Mephitic Cloud        Conj/Pois/Air  100%       N/A       1%          3
h - Airstrike             Air            50%        2d(8-24)  1%          4
i - Sticky Flame          Conj/Fire      80%        2d9       1%          4
j - Summon Mana Viper     Hex/Summ       80%        N/A       1%          5
Your spell library was empty.

Dungeon Overview and Level Annotations

Branches:
Dungeon (11/15)            Temple (1/1) D:4             Orc (0/2) D:10
 Bailey (visited)           IceCv (1/1)
   Lair: D:8-11

Altars:
Ashenzari
Cheibriados
Dithmenos
Elyvilon
Fedhas
Gozag
Hepliaklqana
Makhleb
Nemelex Xobeh
Okawaru
Trog
Uskayaw
Wu Jian
Xom
Yredelemnul
Zin
The Shining One

Shops:
D:5 ?[[   D:6 *

Annotations:
D:9 3 runed translucent doors, ShellytheWitch's ghost, journeyman KoBr


Innate Abilities, Weirdness & Mutations

You are immune to sickness and miasma.
You are immune to poison.
Your flesh is very heat resistant. (rF++)
You are vulnerable to cold. (rC-)
You float through the air rather than walking.
You learn spells naturally, not from books.
Your magical power is your life essence.
You have superior vitality. (+4 MHP)
You have a pair of small antennae on your head.
You are partially covered in large bone plates. (SH +4)
Your mind is acute. (Int +4, Str/Dex -1)
You are clumsy. (Dex -2)


Message History

Your icy armour cracks and falls away as you move.
The frozen ramparts melt away as you move.
Your surroundings suddenly seem different.
You start resting.
HP restored.
There is an ice covered gate leading back out of this place here.
There is an ice choked empty arch of ancient stone here.
You see here a +2 buckler of cold resistance.
P - a +2 buckler of cold resistance Unknown command.
Okay, then.
You need no library to learn spells.
Unknown command.
There is a fountain of sparkling water here.
Key pressed, stopping explore.
No target in view!
The death yak bellows!
The ironbound frostheart shouts!
You hear a bellow!
A yak comes into view.
Casting: Summon Mana Viper (dangerous; 1% risk of failure)
Confirm with . or Enter, or press ? or * to list all spells.
A chill wind blows around you.
The yak bellows!
The polar bear growls angrily.
Casting: Summon Ice Beast (safe; 1% risk of failure)
Confirm with . or Enter, or press ? or * to list all spells.
A mana viper appears with a sibilant hiss.
Casting: Summon Mana Viper (dangerous; 1% risk of failure)
Confirm with . or Enter, or press ? or * to list all spells.
Casting: Frozen Ramparts (safe; 1% risk of failure)
Press: ? - help, Dir - look around, f - activate
Okay, then.
The ironbound frostheart calls freezing cold from the walls.
The frost grips you!!
You feel a terrible chill!
You are encased in ice.
The frost grips your ice beast.
Your ice beast completely resists.
The frost grips your mana viper!!
The ironbound frostheart calls freezing cold from the walls.
The frost grips you!!!
You feel a terrible chill!
Ouch! That really hurt!
You die...

##.##.## ....*
#.##..# ....
##.##.## ..Yh.*
#.###..## ...pY
* ##..###..## ,
Y...* #.###
#...# , #Yp#
#.#.###...#
#YY##....###..#
,*
*#S@..#≈##≈#..#
*
##.##≈≈#≈≈##.#
* ###≈≈≈≈≈≈##.#
##≈≈≈≈≈≈#.## *
#≈≈≈≈≈≈≈#.# *
#≈≈≈≈≈≈~~##
#≈≈≈≈≈≈~~##
##≈≈≈≈≈#~~#
###≈≈≈###~##


You could see 3 death yaks, 2 ironbound frosthearts, a polar bear, 2 yaks, a
friendly mana viper (summoned) and a friendly ice beast (summoned).

Vanquished Creatures
  A boulder beetle (D:11)
  A two-headed ogre (D:9)
  4 death yaks (IceCv)
  An ugly thing (D:11)
  A manticore (D:11)
  Maurice (D:8)
  An ice statue (IceCv)
  A kobold demonologist (D:10)
  Psyche (D:8)
  2 trolls
  5 polar bears (IceCv)
  Grinder (D:6)
  A shadow (D:10)
  23 yaks
  A wyvern (D:7)
  A wraith (D:10)
  A steam dragon (D:7)
  A two-headed ogre zombie (D:10)
  An acid dragon (D:9)
  3 water moccasins
  10 orc warriors
  8 black bears
  17 wolves (IceCv)
  13 centaurs
  6 phantoms
  5 kobold brigands
  A gnoll sergeant (D:5)
  3 bullfrogs
  3 scorpions
  7 wights
  A troll zombie (D:10)
  3 killer bees (D:8)
  6 jellies
  9 orc priests
  3 hounds (D:5)
  3 orc wizards
  2 iguanas (D:6)
  6 ogre zombies (D:10)
  A mummy (D:3)
  7 gnolls (D:4)
  11 adders
  A shadow imp (D:7)
  3 worms (D:2)
  5 dart slugs
  59 orcs
  7 endoplasms
  2 giant cockroaches
  13 goblins
  14 hobgoblins
  2 jackals (D:2)
  A quokka (D:1)
  8 ball pythons
  9 bats
  3 frilled lizards
  7 goblin zombies (D:10)
  A hobgoblin skeleton (D:10)
  31 kobolds
  3 orc skeletons (D:10)
  14 orc zombies (D:10)
  5 rats
365 creatures vanquished.

Vanquished Creatures (collateral kills)
  Gastronok (D:9)
  2 yaks (IceCv)
  2 wolves (IceCv)
  A kobold brigand (D:10)
  3 orcs (Bailey)
  A kobold (D:10)
10 creatures vanquished.

Vanquished Creatures (others)
  An endoplasm (D:4)
1 creature vanquished.

Grand Total: 376 creatures vanquished

Notes
Turn   | Place    | Note
-------+----------+-------------------------------------------
     0 | D:1      | leafyfresh the Djinni Ice Elementalist began the quest for
                  | the Orb.
     0 | D:1      | leafyfresh set off with the following spells memorised:
                  | Freeze, Frozen Ramparts, Ozocubu's Armour, Summon Ice
                  | Beast.
     0 | D:1      | Reached XP level 1. HP: 15/15 MP: 0/0
   150 | D:1      | Reached XP level 2. HP: 19/21 MP: 0/0
   706 | D:1      | Reached XP level 3. HP: 17/25 MP: 0/0
   706 | D:1      | Learned a level 1 spell: Apportation
  1565 | D:2      | Reached XP level 4. HP: 20/31 MP: 0/0
  2069 | D:2      | Identified 2 scrolls of acquirement
  2069 | D:2      | Acquired 1125 gold pieces
  2098 | D:3      | Reached XP level 5. HP: 26/35 MP: 0/0
  2098 | D:3      | Learned a level 2 spell: Blink
  2137 | D:3      | Found an opulent altar of Gozag.
  2343 | D:3      | Found a snail-covered altar of Cheibriados.
  2587 | D:4      | Acquired 1009 gold pieces
  2736 | D:4      | Reached skill level 5 in Spellcasting
  3163 | D:4      | Reached XP level 6. HP: 18/40 MP: 0/0
  3386 | D:5      | Entered Level 5 of the Dungeon
  3857 | D:4      | Identified the +1 quarterstaff of Mumo {freeze, rC+ Str+5}
  3956 | D:4      | Found a shadowy altar of Dithmenos.
  4099 | D:4      | Reached XP level 7. HP: 39/45 MP: 0/0
  4099 | D:4      | Learned a level 3 spell: Mephitic Cloud
  4173 | D:4      | Found a staircase to the Ecumenical Temple.
  4402 | Temple   | Entered the Ecumenical Temple
  4481 | Temple   | Became a worshipper of Ashenzari the Shackled
  4817 | D:5      | Found Doneet's Armour Shoppe.
  4827 | D:5      | Found a blossoming altar of Fedhas.
  4967 | D:5      | Reached XP level 8. HP: 48/50 MP: 0/0
  5725 | D:5      | Found Potirim's Magic Scroll Boutique.
  5731 | D:5      | Bought a scroll of identify for 20 gold pieces
  5731 | D:5      | Bought a scroll of enchant armour for 75 gold pieces
  6031 | D:5      | Reached XP level 9. HP: 49/55 MP: 0/0
  6031 | D:5      | Learned a level 4 spell: Airstrike
  6180 | D:5      | Found the +5 robe of Misfortune {Harm *Corrode *Slow EV+5}
  6566 | D:5      | Found Qosuw's Armour Shoppe.
  6570 | D:5      | Bought a +1 buckler of reflection for 175 gold pieces
  6626 | D:5      | Reached skill level 1 in Shields
  6839 | D:6      | Reached skill level 3 in Dodging
  7118 | D:6      | Noticed Grinder
  7124 | D:6      | Reached skill level 4 in Dodging
  7125 | D:6      | Killed Grinder
  7283 | D:6      | Found Gaseu's Assorted Antiques.
  7659 | D:7      | Reached skill level 5 in Dodging
  7670 | D:6      | Reached XP level 10. HP: 30/60 MP: 0/0
  8053 | D:7      | Reached skill level 6 in Dodging
  8053 | D:7      | Reached skill level 5 in Shields
  8112 | D:7      | Reached skill level 7 in Dodging
  8743 | D:7      | Reached * piety under Ashenzari
  8938 | D:8      | Noticed an angel
  8947 | D:8      | Found a shimmering altar of Xom.
  8947 | D:8      | Found a glowing silver altar of Zin.
  9149 | D:8      | Noticed Maurice
  9154 | D:8      | Killed Maurice
  9155 | D:8      | Reached skill level 8 in Dodging
  9290 | D:8      | Reached ** piety under Ashenzari
  9401 | D:8      | Noticed Psyche
  9413 | D:8      | Killed Psyche
  9690 | D:8      | Gained mutation: Your muscles are strong. (Str +4, Int/Dex
                  | -1) [potion of mutation]
  9765 | D:9      | Identified the +3 scale mail of Charity {Harm Will++ Dex-4
                  | SInv}
  9843 | D:9      | Noticed Gastronok
  9856 | D:9      | Killed Gastronok
  9857 | D:9      | Reached skill level 9 in Dodging
  9857 | D:9      | Reached XP level 11. HP: 65/65 MP: 0/0
  9857 | D:9      | Learned a level 4 spell: Sticky Flame
  9991 | D:9      | Reached *** piety under Ashenzari
  9995 | D:9      | Found a basalt altar of Yredelemnul.
 10156 | D:9      | Found a runed translucent gate.
 10158 | D:9      | Found a runed translucent gate.
 10158 | D:9      | Found a runed translucent gate.
 10159 | D:9      | Noticed ShellytheWitch's ghost (journeyman KoBr)
 10313 | D:9      | Noticed a two-headed ogre
 10321 | D:9      | Killed a two-headed ogre
 10322 | D:9      | Reached skill level 10 in Dodging
 10479 | D:9      | Found a burning altar of Makhleb.
 10637 | D:10     | Entered Level 10 of the Dungeon
 10744 | D:10     | Found a flagged portal.
 10850 | Bailey   | Entered a bailey
 11393 | Bailey   | Identified the staff of air "Vuliex" {rElec Will- MP+9
                  | Str+7}
 11606 | Bailey   | Reached skill level 11 in Dodging
 11845 | Bailey   | Reached skill level 10 in Shields
 12149 | Bailey   | Acquired 1250 gold pieces
 12153 | Bailey   | Lost mutation: Your muscles are strong. (Str +4, Int/Dex
                  | -1) [potion of mutation]
 12153 | Bailey   | Gained mutation: Your mind is acute. (Int +4, Str/Dex -1)
                  | [potion of mutation]
 12153 | Bailey   | Gained mutation: You are partially covered in large bone
                  | plates. (SH +4) [potion of mutation]
 12153 | Bailey   | Gained mutation: You are clumsy. (Dex -2) [potion of
                  | mutation]
 12153 | Bailey   | Gained mutation: You have a pair of small antennae on your
                  | head. [potion of mutation]
 12238 | D:10     | Found a glowing golden altar of the Shining One.
 12325 | D:10     | Found a staircase to the Orcish Mines.
 12376 | D:10     | Reached XP level 12. HP: 70/71 MP: 0/0
 13562 | D:11     | Noticed a boulder beetle
 13578 | D:11     | Killed a boulder beetle
 13762 | D:11     | Found a frozen archway.
 13770 | IceCv    | Entered an ice cave
 13778 | IceCv    | Reached skill level 12 in Dodging
 13974 | IceCv    | Noticed a death yak
 13974 | IceCv    | Noticed a death yak
 13974 | IceCv    | Noticed a death yak
 13982 | IceCv    | Killed a death yak
 13984 | IceCv    | Killed a death yak
 13991 | IceCv    | Killed a death yak
 14330 | IceCv    | Reached skill level 13 in Dodging
 14551 | IceCv    | Noticed a death yak
 14567 | IceCv    | Reached XP level 13. HP: 63/76 MP: 0/0
 14567 | IceCv    | Learned a level 5 spell: Summon Mana Viper
 15110 | IceCv    | Noticed an ironbound frostheart
 15110 | IceCv    | Noticed an ironbound frostheart
 15425 | IceCv    | Killed from afar by an ironbound frostheart

Illustrated notes

Levels and vault maps discovered:
D:1:      spicycebolla_green_bress_n_ham, layout_basic
D:2:      layout_basic
D:3:      layout_loops_cross, nicolae_qazlal_general_emergency,
          nicolae_gozag_cash_rules_everything_around_me, slow_altar_2,
          minmay_starry_boxes
D:4:      corexii_shantytown, layout_loops_cross,
          mainiacjoe_overflow_concentric_impassable,
          mainiacjoe_overflow_alcove_1, lemuel_temple_firewalk_b, minivault_1
D:5:      minmay_polygon_palace, layout_basic,
          mainiacjoe_overflow_small_starburst, serial_shops, shop, shop, shop,
          dreamdust_mushroom_princess
D:6:      layout_basic, serial_shops, shop, uniq_grinder
D:7:      layout_cave_pools, general_overflow_altar, uniq_menkaure
D:8:      layout_basic, grunt_temple_overflow_order_and_chaos_1, serial_rivers,
          chequers_serial_rivers_small_3, chequers_serial_rivers_small_b,
          chequers_serial_rivers_micro_a, chequers_serial_rivers_micro_d,
          chequers_serial_rivers_large_a, uniq_maurice, uniq_psyche
D:9:      layout_roguey, lightli_temple_of_fire, amcnicky_altar_gilded,
          biasface_ghost_orc_armoury, uniq_gastronok
D:10:     layout_stronghold, overflow_temple_1_default, zombieorc2_lemuel,
          enter_bailey_4, hive_lemuel
D:11:     layout_irregular_city, erik_lair_dragon,
          portal_ice_cave_entry_pillars_1, minmay_tree_intersection,
          minmay_misc_feat_tower
Temple:   compressed_dpeg_circular_temple
IceCv:    ice_cave_caverns_02

Skill      XL: |  1  2  3  4  5  6  7  8  9 10 11 12 |
---------------+-------------------------------------+-----
Spellcasting   | 4 5 6 7 8 9 |  9.5
Shields        | 4 8 10 12 | 12.3
Dodging        | 5 9 11 13 | 13.6
Stealth        | |  1.5

Action                     |  1- 3 |  4- 6 |  7- 9 | 10-12 | 13-15 || total
---------------------------+-------+-------+-------+-------+-------++-------
  Melee: Unarmed           |    47 |    32 |       |       |       ||    79
         Punch             |     1 |       |       |       |       ||     1
         Dagger            |       |    55 |       |       |       ||    55
         Flail             |       |     8 |   132 |    58 |       ||   198
         Staff             |       |       |       |   136 |       ||   136
   Cast: Freeze            |    58 |    42 |    15 |    22 |       ||   137
         Frozen Ramparts   |     2 |    22 |    33 |    66 |     1 ||   124
         Ozocubu's Armour  |       |     3 |    14 |    30 |     1 ||    48
         Airstrike         |       |       |     5 |    58 |     5 ||    68
         Summon Ice Beast  |       |       |     2 |    18 |     2 ||    22
         Mephitic Cloud    |       |       |     1 |    10 |       ||    11
         Blink             |       |       |     1 |       |       ||     1
         Sticky Flame      |       |       |       |    19 |     2 ||    21
         Summon Mana Viper |       |       |       |       |     2 ||     2
 Invoke: Curse Item        |       |       |     1 |     4 |       ||     5
    Use: Scroll            |       |     3 |     9 |     1 |     1 ||    14
         Potion            |       |       |       |     4 |       ||     4
   Stab: Sleeping          |     2 |     6 |     2 |       |       ||    10
 Armour: Robe              |    31 |    28 |    84 |    37 |     1 ||   181
         Skin              |       |       |       |     2 |       ||     2
  Dodge: Dodged            |    80 |    81 |   112 |   175 |       ||   448
  Block: Other             |       |    15 |    28 |       |       ||    43
         Buckler           |       |       |    30 |   270 |     2 ||   302
         Reflection        |       |       |       |    11 |     1 ||    12
